 Dungeon Crawl Stone Soup version 0.28.0-47-ge53b351184 (webtiles) character file.

Game seed: 5316849739038212787

1499 Revguard the Chiller (level 8, 0/58 HPs)
             Began as a Demonspawn Ice Elementalist on May 5, 2022.
             Killed by divine providence
             ... invoked by an orc priest
              (8 damage)
             ... on level 6 of the Dungeon.
             The game lasted 00:22:20 (4998 turns).

Revguard the Chiller (Demonspawn Ice Elementalist)  Turns: 4998, Time: 00:22:22

Health: 0/58       AC: 10    Str: 11    XL:     8   Next: 52%
Magic:  4/14       EV: 12    Int: 16    God:
Gold:   149        SH:  0    Dex: 14    Spells: 4/15 levels left

rFire   . . .      SeeInvis .   g - +2 rapier (vamp)
rCold   . . .      Faith    .   (no shield)
rNeg    . . .      Spirit   .   m - +0 leather armour
rPois   .          Reflect  .   (no helmet)
rElec   .          Harm     .   (no cloak)
rCorr   .          Rampage  .   (no gloves)
Will    .....                   (no boots)
Stlth   +.........              (no amulet)
HPRegen 0.19/turn               (no ring)
MPRegen 0.14/turn               (no ring)

@: confused, ice-armoured, corroded, freezing walls
A: yellow scales 2, icemail 1, spiny 1, condensation shield
a: no special abilities


You were on level 6 of the Dungeon.
You visited 1 branch of the dungeon, and saw 6 of its levels.

You collected 149 gold pieces.

Inventory:

Hand Weapons
 g - a +2 vampiric rapier (weapon)
 h - a +2 dagger of venom
 p - a +0 dagger of protection
Armour
 a - a +0 robe
 m - a +0 leather armour (worn)
Wands
 i - a wand of iceblast (15)
 j - a wand of paralysis (11)
 n - a wand of charming (13)
 o - a wand of flame (17)
Scrolls
 b - 2 scrolls of identify
 d - a scroll of holy word {unknown}
 l - 2 scrolls of teleportation
Potions
 c - 4 potions of curing
 f - a potion of might {unknown}
 k - 2 potions of attraction


   Skills:
 + Level 3.5 Fighting
 + Level 3.0 Short Blades
 + Level 3.2 Armour
 + Level 3.8 Dodging
 + Level 4.1 Stealth
 + Level 4.0 Spellcasting
 + Level 2.7 Conjurations
 + Level 4.9 Ice Magic
 + Level 1.5 Evocations


You had 4 spell levels left.
You knew the following spells:

 Your Spells              Type           Power      Damage    Failure   Level
a - Freeze                Ice            76%        1d9       2%          1
b - Frozen Ramparts       Ice            38%        1d5       9%          3
c - Ozocubu's Armour      Ice            19%        N/A       9%          3
d - Hailstorm             Conj/Ice       15%        3d5       41%         4

Your spell library contained the following spells:

 Spells                   Type           Power      Damage    Failure   Level
 Beastly Appendage        Tmut           6%         N/A       22%         1
 Wereblood                Tmut           3%         N/A       32%         2
 Spider Form              Tmut/Pois      3%         N/A       54%         3


Dungeon Overview and Level Annotations

Branches:
Dungeon (6/15)
 Temple: D:4-7

Altars:
Fedhas
Hepliaklqana
Makhleb
Vehumet

Shops:
D:1 :


Innate Abilities, Weirdness & Mutations

You are mostly covered in yellow scales. (AC +3)
A meltable icy envelope protects you from harm. (AC +4)
You are partially covered in sharp spines.
A meltable shield of frost defends you. (SH +4)


Message History

You hit the orc priest but do no damage.
The orc priest is severely wounded.
The orc priest miscasts a cantrip.
The wall freezes the orc priest.
The orc priest completely misses you.
You barely miss the orc priest.
The orc priest is severely wounded.
The frozen ramparts melt away.
Your icy envelope is restored.
The orc priest hits you but does no damage.
You feel better.
The orc priest hits you but does no damage.
You hit the orc priest.
You kill the orc priest!
Your Spellcasting skill increases to level 4!
Casting: Frozen Ramparts (dangerous; 9% risk of failure)
Confirm with . or Enter, or press ? or * to list all spells.
Casting: Frozen Ramparts (dangerous; 9% risk of failure)
Press: ? - help, Dir - look around, f - activate The walls around you are covered in ice.
The orc wizard resists.
The wall freezes the orc wizard.
The orc wizard points at you and mumbles some strange words.
You are confused.
Your icy armour and frozen ramparts will break if you move.
Continue? [Y]es or [N]o only, please.
Your icy armour and frozen ramparts will break if you move.
Continue?
Okay, then.
You're too confused to attack without stumbling around!
You're too confused to attack without stumbling around!
The wall freezes the orc priest.
The orc priest closely misses you.
The orc wizard resists.
The wall freezes the orc wizard.
The orc wizard is struck by your spines.
The orc wizard hits you with a +0 dagger.
The wall freezes the orc priest.
The orc priest mumbles some strange prayers to Beogh against you.
Beogh smites you!
* * * LOW HITPOINT WARNING * * *
The wall freezes the orc priest.
The orc priest invokes the aid of Beogh against you.
Beogh smites you!
You die...

# .## ##..#
####....#
##@#.....#
#.ooo...##
#.oY.>.(.#
#...........#
###........##
##......##
#.#...(..
..##......
..# #...#.
...##


You could see an ice beast, 2 orc priests, an orc wizard and an orc.

Vanquished Creatures
  A water moccasin (D:6)
  A black bear (D:6)
  An ice beast (D:4)
  A sky beast (D:5)
  2 necrophages
  A phantom (D:6)
  2 hounds
  2 bullfrog zombies
  3 jellies (D:6)
  A gnoll shaman (D:5)
  5 orc priests
  2 bullfrog skeletons
  An iguana (D:6)
  4 orc wizards (D:3)
  A hound skeleton (D:4)
  2 howler monkey skeletons
  11 gnolls
  6 adders
  An ufetubus (D:2)
  2 dart slugs
  15 orcs
  4 bats
  2 endoplasms
  A giant cockroach (D:4)
  6 hobgoblins
  11 jackals
  8 quokkas
  10 ball pythons
  A frilled lizard (D:1)
  5 goblins
  7 kobolds
  3 rats
123 creatures vanquished.

Notes
Turn   | Place    | Note
-------+----------+-------------------------------------------
     0 | D:1      | Revguard the Demonspawn Ice Elementalist began the quest
                  | for the Orb.
     0 | D:1      | Reached XP level 1. HP: 13/13 MP: 3/3
   177 | D:1      | Gained mutation: You are partially covered in yellow
                  | scales. (AC +2) [demonic ancestry]
   177 | D:1      | Reached XP level 2. HP: 17/20 MP: 0/5
   336 | D:1      | Found Zakuywyi's Book Boutique.
  1280 | D:2      | Gained mutation: You are partially covered in sharp spines.
                  | [demonic ancestry]
  1280 | D:2      | Reached XP level 3. HP: 23/25 MP: 3/6
  1356 | D:2      | Reached skill level 1 in Fighting
  1399 | D:2      | Reached skill level 1 in Armour
  1403 | D:2      | Learned a level 3 spell: Frozen Ramparts
  1697 | D:2      | Found a blossoming altar of Fedhas.
  1918 | D:3      | Gained mutation: A meltable shield of frost defends you.
                  | (SH +4) [demonic ancestry]
  1918 | D:3      | Reached XP level 4. HP: 29/32 MP: 0/7
  2023 | D:3      | Reached skill level 1 in Short Blades
  2023 | D:3      | Gained mutation: A meltable icy envelope protects you from
                  | harm. (AC +4) [demonic ancestry]
  2023 | D:3      | Reached XP level 5. HP: 14/37 MP: 1/8
  2577 | D:3      | Gained mutation: You are mostly covered in yellow scales.
                  | (AC +3) [demonic ancestry]
  2577 | D:3      | Reached XP level 6. HP: 44/44 MP: 6/10
  2582 | D:3      | Learned a level 4 spell: Hailstorm
  3322 | D:4      | Noticed an ice beast
  3355 | D:4      | Killed an ice beast
  3425 | D:4      | Reached skill level 1 in Conjurations
  3425 | D:4      | Reached XP level 7. HP: 45/51 MP: 11/11
  3657 | D:5      | Entered Level 5 of the Dungeon
  3904 | D:5      | Found a hazy altar of Hepliaklqana.
  3907 | D:5      | Found a burning altar of Makhleb.
  3912 | D:5      | Found a radiant altar of Vehumet.
  4553 | D:5      | Learned a level 3 spell: Ozocubu's Armour
  4600 | D:6      | Reached XP level 8. HP: 47/58 MP: 11/13
  4865 | D:6      | Reached skill level 1 in Evocations
  4988 | D:6      | HP: 2/58 [orc priest/divine providence (13)]
  4998 | D:6      | Killed from afar by an orc priest

Illustrated notes

Levels and vault maps discovered:
D:1:      scummos_arrival_gate, layout_basic, serial_shops,
          nicolae_lakefront_shop, serial_rivers, chequers_serial_rivers_small_3,
          chequers_serial_rivers_large_a, chequers_serial_rivers_micro_e,
          chequers_serial_rivers_micro_b, chequers_serial_rivers_micro_e,
          minmay_tree_intersection
D:2:      layout_basic, basic_altar, due_unseen_surprise
D:3:      layout_loops_ring
D:4:      layout_basic
D:5:      layout_cave_pools, grunt_temple_overflow_diamond,
          minmay_misc_feat_doors
D:6:      layout_cave_pools, okawaru_altar_gauntlet_db, lemuel_temple_firewalk_b

Skill      XL: |  1  2  3  4  5  6  7  8 |
---------------+-------------------------+-----
Dodging        | 2 3 |  3.8
Stealth        | 2 3 4 |  4.1
Fighting       | 1 2 3 |  3.5
Armour         | 1 2 3 |  3.2
Short Blades   | 1 2 3 |  3.0
Ice Magic      | 4 |  4.9
Spellcasting   | 3 4 |  4.0
Conjurations   | 1 2 |  2.7
Evocations     | 1 |  1.5

Action                   |  1- 3 |  4- 6 |  7- 9 || total
-------------------------+-------+-------+-------++-------
Melee: Unarmed           |     4 |       |       ||     4
       Short sword       |    17 |    14 |       ||    31
       Dagger            |       |    71 |   116 ||   187
       Punch             |       |       |     3 ||     3
       Rapier            |       |       |    16 ||    16
 Cast: Freeze            |    53 |     3 |     2 ||    58
       Frozen Ramparts   |     1 |     6 |    11 ||    18
       Ozocubu's Armour  |       |       |     1 ||     1
  Use: Potion            |       |     4 |     4 ||     8
       Scroll            |       |     7 |     1 ||     8
 Stab: Sleeping          |     2 |     2 |     3 ||     7
Armor: Robe              |    20 |     6 |       ||    26
       Leather armour    |       |    14 |    48 ||    62
Dodge: Dodged            |    48 |    49 |    63 ||   160
Block: Other             |       |     6 |    21 ||    27
